 Seeded DCSS version 0.28-a0-1506-g3893175d92 (webtiles) character file.

Game seed: 2800614563183937525 (custom seed)

2938 flotson the Skirmisher (level 9, -23/68 HPs)
             Began as a Demonspawn Gladiator on Jan 13, 2022.
             Killed from afar by Pikel (29 damage)
             ... with a bolt of acid
             ... on level 7 of the Dungeon.
             The game lasted 00:08:30 (7962 turns).

flotson the Skirmisher (Demonspawn Gladiator)       Turns: 7962, Time: 00:08:31

Health: -23/68     AC: 13    Str: 23    XL:     9   Next: 51%
Magic:  9/9        EV:  9    Int: 10    God:
Gold:   268        SH: 14    Dex: 19    Spells: 8/8 levels left

rFire   . . .      SeeInvis .   a - +1 dagger (venom)
rCold   . . .      Faith    .   o - +0 tower shield
rNeg    + + .      Spirit   .   l - +0 scale mail
rPois   .          Reflect  .   c - +0 helmet
rElec   .          Harm     .   m - +0 cloak
rCorr   .          Rampage  .   r - +1 pair of gloves
Will    .....                   (no boots)
Stlth   ..........              n - amulet of Rivion Dieps {RegenMP rN++ Str+4 Dex+5}
HPRegen 0.21/turn               (no ring)
MPRegen 0.62/turn               (no ring)

@: no status effects
A: icy blue scales 1, demonic guardian 3, magic regeneration, weakness stinger 1
a: no special abilities


You were on level 7 of the Dungeon.
You visited 1 branch of the dungeon, and saw 7 of its levels.

You collected 268 gold pieces.

Inventory:

Hand Weapons
 a - a +1 dagger of venom (weapon)
 b - a +0 hunting sling
 j - a +0 war axe
Missiles
 d - 5 throwing nets (quivered)
 i - 53 sling bullets
 t - 2 javelins
 w - 4 poisoned darts
 B - 8 boomerangs
Armour
 c - a +0 helmet (worn)
 l - a +0 scale mail (worn)
 m - a +0 cloak (worn)
 o - a +0 tower shield (worn)
 r - a +1 pair of gloves (worn)
Jewellery
 n - the amulet of Rivion Dieps (around neck) {RegenMP rN++ Str+4 Dex+5}
   (You found it on level 2 of the Dungeon)

   [amulet of magic regeneration]

   It increases your rate of magic regeneration.
   Str:       It affects your strength (+4).
   Dex:       It affects your dexterity (+5).
   rN:        It greatly protects you from negative energy.
Wands
 q - a wand of flame (22)
Scrolls
 e - 2 scrolls of amnesia {unknown}
 f - a scroll of brand weapon {unknown}
 g - a scroll of blinking {unknown}
 k - 2 scrolls of immolation {unknown}
 s - 3 scrolls of fear {unknown}
 u - 2 scrolls of magic mapping {unknown}
 x - 2 scrolls of teleportation {unknown}
 y - 3 scrolls of identify {unknown}
 z - a scroll of summoning {unknown}
 A - 3 scrolls of enchant armour {unknown}
 G - a scroll of noise {unknown}
Potions
 h - 3 potions of curing {unknown}
 p - 2 potions of flight {unknown}
 v - a potion of cancellation {unknown}
 C - a potion of attraction {unknown}
 D - a potion of brilliance
 E - 2 potions of heal wounds {unknown}
 F - a potion of lignification {unknown}
 H - a potion of mutation {unknown}


   Skills:
 + Level 5.5 Fighting
 + Level 5.4 Axes
 + Level 5.1 Throwing
 + Level 4.5 Armour
 + Level 5.4 Dodging
 + Level 4.0 Shields
 + Level 4.0 Evocations


You had 8 spell levels left.
You didn't know any spells.
Your spell library contained the following spells:

 Spells                   Type           Power      Damage    Failure   Level
 Animate Skeleton         Necr           0%         N/A       100%        1
 Apportation              Tloc           0%         N/A       100%        1
 Summon Small Mammal      Summ           0%         N/A       100%        1


Dungeon Overview and Level Annotations

Branches:
Dungeon (7/15)             Temple (0/1) D:6

Altars:
Cheibriados
Elyvilon
Fedhas
Kikubaaqudgha
Nemelex Xobeh

Annotations:
D:6 3 runed translucent doors, leviel's ghost, novice HOFi
D:7 Pikel


Innate Abilities, Weirdness & Mutations

You are partially covered in icy blue scales. (AC +2)
A powerful demonic guardian rushes to your aid.
You regenerate magic rapidly.
You have a small tail.


Message History

You hit the centaur skeleton.
The centaur skeleton is lightly damaged.
You block the centaur skeleton's attack. x2
The centaur skeleton completely misses you.
You block the centaur skeleton's attack.
You hit the centaur skeleton. You tail-slap the centaur skeleton!
The centaur skeleton is heavily damaged.
Your sun demon hits the centaur skeleton!!
The centaur skeleton is destroyed!
No target in view!
Unknown command.
No target in view!
d - a throwing net
d - 5 throwing nets (gained 4);
H - a viscous amethyst potion
Things that are here:
a +0 halberd; a +0 chain mail Your sun demon disappears in a puff of smoke!
The sentinel's mark upon you fades away.
HP restored.
w - 4 poisoned darts (gained 1)
You now have 268 gold pieces (gained 13).
Pikel, Merchant of Souls comes into view.
He is wielding a +0 whip of electrocution and carrying a wand of acid (8).
Pikel shouts!
You hear a shout! x4 3 lemures come into view.
The lemure shouts! x3
Pikel hits you but does no damage.
A lemure comes into view.
The lemure moves out of view.
You hit Pikel but do no damage.
Pikel is poisoned.
You block Pikel's attack.
You hit Pikel but do no damage.
Pikel zaps a wand.
The bolt of acid hits you!! You block Pikel's attack.
You hit Pikel but do no damage.
Pikel is lightly wounded.
Pikel zaps a wand.
The bolt of acid hits you!!
Ouch! That really hurt!
* * * LOW HITPOINT WARNING * * *
A demonic guardian appears!
You are too injured to fight recklessly!
Pikel zaps a wand.
The bolt of acid hits you!!
You die...

... ... #..
#.. #.5 #55
#K########
#3.@.....#
########.#
#.# #.#
##.##
###...###
.......#...#
##.#.#...#.#
#.#.##.##.#


You could see Pikel (very poisoned, ally target), a lemure and a friendly sun
demon (summoned).

Vanquished Creatures
  Harold (D:7)
  Sigmund (D:2)
  Eustachio (D:6)
  3 water moccasins
  An orc warrior (D:6)
  2 black bears (D:5)
  2 phantoms
  A scorpion (D:4)
  4 hounds
  An orc priest (D:5)
  Jessica (D:2)
  3 iguanas (D:5)
  Natasha (thrice) (D:2)
  2 orc wizards
  6 adders
  A gnoll (D:5)
  An ufetubus (D:4)
  2 worms
  3 dart slugs
  13 orcs
  11 bats
  6 endoplasms
  6 giant cockroaches
  3 goblins
  9 hobgoblins
  4 jackals
  8 quokkas
  8 ball pythons
  A frilled lizard (D:1)
  7 kobolds
  7 rats
122 creatures vanquished.

Vanquished Creatures (collateral kills)
  Edmund (D:4)
  Duvessa (D:4)
  2 ogres
  A centaur (D:4)
  A phantom (D:6)
  Dowan (D:4)
  A bullfrog zombie (D:6)
  A centaur skeleton (D:7)
  An orc wizard (D:4)
  4 orcs (D:4)
14 creatures vanquished.

Grand Total: 136 creatures vanquished

Notes
Turn   | Place    | Note
-------+----------+-------------------------------------------
     0 | D:1      | flotson the Demonspawn Gladiator began the quest for the
                  | Orb.
     0 | D:1      | Reached XP level 1. HP: 16/16 MP: 1/1
    61 | D:1      | Found a faded altar of an unknown god.
   122 | D:1      | Gained mutation: You are partially covered in icy blue
                  | scales. (AC +2) [demonic ancestry]
   122 | D:1      | Reached XP level 2. HP: 17/22 MP: 2/2
   899 | D:1      | Gained mutation: A weak demonic guardian rushes to your
                  | aid. [demonic ancestry]
   899 | D:1      | Reached XP level 3. HP: 18/28 MP: 3/3
  1197 | D:1      | Reached skill level 1 in Armour
  1666 | D:2      | Noticed Jessica
  1672 | D:2      | Killed Jessica
  1673 | D:2      | Gained mutation: A demonic guardian rushes to your aid.
                  | [demonic ancestry]
  1673 | D:2      | Reached XP level 4. HP: 15/34 MP: 4/4
  2067 | D:2      | Noticed Natasha
  2094 | D:2      | Killed Natasha
  2290 | D:2      | Identified the amulet of Rivion Dieps {RegenMP rN++ Str+4
                  | Dex+5}
  2367 | D:2      | Noticed Sigmund
  2425 | D:2      | Noticed Natasha
  2431 | D:2      | Killed Natasha
  2432 | D:2      | Reached XP level 5. HP: 29/40 MP: 5/5
  2532 | D:2      | Killed Sigmund
  2533 | D:2      | Reached skill level 1 in Shields
  2533 | D:2      | Gained mutation: A powerful demonic guardian rushes to your
                  | aid. [demonic ancestry]
  2533 | D:2      | Reached XP level 6. HP: 19/47 MP: 6/6
  2537 | D:2      | Noticed Natasha
  2724 | D:2      | Killed Natasha
  3569 | D:4      | Noticed Duvessa
  3570 | D:4      | Noticed Dowan
  3573 | D:4      | Killed Duvessa
  3574 | D:4      | Reached skill level 1 in Evocations
  3574 | D:4      | Gained mutation: You regenerate magic rapidly. [demonic
                  | ancestry]
  3574 | D:4      | Reached XP level 7. HP: 32/52 MP: 7/7
  3581 | D:4      | Killed Dowan
  3743 | D:4      | Noticed Edmund
  3755 | D:4      | Killed Edmund
  4101 | D:4      | Found a blossoming altar of Fedhas.
  4753 | D:4      | Found a sparkling altar of Nemelex Xobeh.
  4753 | D:4      | Found an ancient bone altar of Kikubaaqudgha.
  4881 | D:5      | Entered Level 5 of the Dungeon
  4957 | D:4      | Reached XP level 8. HP: 54/60 MP: 8/8
  5411 | D:5      | Found a snail-covered altar of Cheibriados.
  6817 | D:6      | Reached skill level 5 in Fighting
  6919 | D:6      | Reached skill level 5 in Dodging
  6967 | D:6      | Gained mutation: You have a small tail. [demonic ancestry]
  6967 | D:6      | Reached XP level 9. HP: 68/68 MP: 9/9
  7082 | D:6      | Found a staircase to the Ecumenical Temple.
  7093 | D:6      | Reached skill level 5 in Axes
  7284 | D:6      | Found a runed translucent gate.
  7284 | D:6      | Found a runed translucent gate.
  7284 | D:6      | Found a runed translucent gate.
  7285 | D:6      | Noticed leviel's ghost (novice HOFi)
  7453 | D:6      | Noticed Eustachio
  7465 | D:6      | Killed Eustachio
  7849 | D:7      | Noticed Harold
  7867 | D:7      | Killed Harold
  7868 | D:7      | Reached skill level 5 in Throwing
  7957 | D:7      | Noticed Pikel
  7962 | D:7      | Killed from afar by Pikel

Illustrated notes

Levels and vault maps discovered:
D:1:      lightli_arrival_farm, layout_basic, ebering_ecumenical_altar_rust,
          minmay_tromino_i4
D:2:      layout_rooms, uniq_sigmund, uniq_jessica, uniq_natasha
D:3:      layout_loops_cross
D:4:      layout_gridville, lemuel_round_altar,
          gammafunk_temple_overflow_statue, uniq_edmund, uniq_duvessa
D:5:      layout_cave_pods, elyvilon_altar_1, kennysheep_slug_shrine,
          cheibrodos_gnoll_hut
D:6:      layout_loops_corners, minmay_temple_entry_butterflies,
          gammafunk_ghost_split, uniq_eustachio
D:7:      layout_loops_cross, uniq_harold, uniq_pikel, uniq_prince_ribbit1

Skill      XL: |  1  2  3  4  5  6  7  8  9 |
---------------+----------------------------+-----
Throwing       | 2 3 4 5 |  5.1
Axes           | 3 4 5 |  5.4
Armour         | 1 2 3 4 |  4.5
Dodging        | 3 4 5 |  5.4
Fighting       | 3 4 5 |  5.5
Shields        | 1 2 3 4 |  4.0
Evocations     | 1 2 3 4 |  4.0

Action                   |  1- 3 |  4- 6 |  7- 9 || total
-------------------------+-------+-------+-------++-------
Melee: War axe           |    99 |     3 |       ||   102
       Punch             |     1 |       |       ||     1
       Dagger            |       |    91 |   311 ||   402
       Tailslap          |       |       |     8 ||     8
 Fire: Hunting sling     |       |     3 |    26 ||    29
Throw: Throwing net      |       |       |     3 ||     3
       Dart              |       |       |     1 ||     1
 Stab: Sleeping          |     2 |       |       ||     2
       Held in net/web   |       |       |     2 ||     2
Armor: Leather armour    |    45 |       |       ||    45
       Scale mail        |    19 |    31 |   150 ||   200
Dodge: Dodged            |    74 |    46 |   151 ||   271
Block: Buckler           |       |    16 |    76 ||    92
       Kite shield       |       |       |    14 ||    14
       Tower shield      |       |       |     9 ||     9

Table legend: (Time is in decaauts)
 A = Elapsed time spent in this place.
 B = Non-inter-level travel time spent in this place.
 C = Inter-level travel time spent in this place.
 D = Time resting spent in this place.
 E = Time spent auto-exploring this place.
 F = Levels seen in this place.
 G = Mean time per level.
                   A        B        C        D        E       F      G
               +--------+--------+--------+--------+--------+-----+--------+
         Total |   8067 |   7834 |    233 |    876 |   5693 |   7 | 1152.4 |
       Dungeon |   8067 |   7834 |    233 |    876 |   5693 |   7 | 1152.4 |
               +--------+--------+--------+--------+--------+-----+--------+

Top non-repeatable levels by time:
     D:1: 1816 daAuts
     D:5: 1481 daAuts
     D:6: 1385 daAuts
     D:4: 1373 daAuts
     D:2: 1189 daAuts
     D:3: 700 daAuts
     D:7: 120 daAuts
